 Dungeon Crawl Stone Soup version 0.30.0-10-gfe55d96785 (webtiles) character file.

Game seed: 8442037324832404918

3891 GigaChad the Cleaver (level 10, -1/79 HPs)
             Began as a Formicid Fighter on May 16, 2023.
             Was a Priest of Okawaru.
             Slain by a gnoll sergeant
             ... wielding a +4 trident of flaming
              (2 damage)
             ... on level 9 of the Dungeon.
             The game lasted 00:08:30 (8685 turns).

GigaChad the Cleaver (Formicid Fighter)             Turns: 8685, Time: 00:08:31

Health: -1/79      AC: 16    Str: 31    XL:     10   Next: 42%
Magic:  10/10      EV:  8    Int:  8    God:    Okawaru [***...]
Gold:   253        SH:  6    Dex: 13    Spells: 9/9 levels left

rFire   . . .        t - +1 war axe "Ufinury" {freeze, rElec}
rCold   . . .        c - +0 buckler
rNeg    . . .        v - +1 plate armour
rPois   .            (helmet unavailable)
rElec   +            D - +0 cloak
rCorr   +            (no gloves)
SInv    +            (no boots)
Will    +....        (no amulet) Stlth
                     h - +6 ring of strength
HPRegen 0.33/turn    n - ring of resist corrosion
MPRegen 0.12/turn

%: no passive effects
@: no status effects
A: permanent stasis, dig shafts and tunnels, antennae 3, four strong arms
a: Dig, Shaft Self, Renounce Religion, Heroism


You were on level 9 of the Dungeon.
You worshipped Okawaru.
Okawaru was most pleased with you.
You visited 2 branches of the dungeon, and saw 10 of its levels.

You collected 506 gold pieces.
You spent 253 gold pieces at shops.

Inventory:

Hand Weapons
 a - a +1 war axe
 t - the +1 war axe "Ufinury" (weapon) {freeze, rElec}
   (You bought it in a shop on level 2 of the Dungeon)

   rElec:     It insulates you from electricity.
Missiles
 C - a throwing net
Armour
 b - a +0 scale mail
 c - a +0 buckler (worn)
 u - a +0 chain mail
 v - a +1 plate armour (worn)
 D - a +0 cloak (worn)
Jewellery
 h - a +6 ring of strength (left hand)
 n - a ring of resist corrosion (right hand)
 y - an amulet of magic regeneration
 B - a ring of flight
 H - an amulet of the acrobat
Wands
 g - a wand of mindburst (13)
 E - a wand of polymorph (7)
Scrolls
 i - 5 scrolls of vulnerability
 l - a scroll of magic mapping
 m - 3 scrolls of poison
 o - 4 scrolls of identify
 p - 3 scrolls of teleportation
 w - 2 scrolls of immolation
 I - a scroll of amnesia {unknown}
Potions
 d - 2 potions of might
 e - 6 potions of curing {unknown}
 f - 2 potions of flight {unknown}
 j - 2 potions of heal wounds {unknown}
 k - 3 potions of attraction {unknown}
 q - a potion of invisibility {unknown}
 r - a potion of haste {unknown}
 s - 2 potions of resistance {unknown}
 x - a potion of experience {unknown}
 z - 2 potions of cancellation {unknown}
 A - a potion of magic {unknown}
 F - 2 potions of lignification {unknown}
 G - 2 potions of mutation {unknown}
Miscellaneous
 J - a tin of tremorstones (2/2)


   Skills:
 * Level 7.2 Fighting
 * Level 10.2 Axes
 * Level 8.2 Armour
 * Level 7.7 Shields


You had 9 spell levels left.
You didn't know any spells.
Your spell library contained the following spells:

 Spells                   Type           Power      Damage    Failure   Level
 Stone Arrow              Conj/Erth      0%         3d7       100%        3
 Ozocubu's Refrigeration  Ice            0%         4d7       100%        7
 Lehudib's Crystal Spear  Conj/Erth      0%         10d2      100%        8
 Polar Vortex             Ice            0%         N/A       100%        9
 Animate Armour           Summ/Erth      Unusable   N/A       N/A         4
 Simulacrum               Ice/Necr       Unusable   N/A       N/A         6

Dungeon Overview and Level Annotations

Branches:
Dungeon (9/15)             Temple (1/1) D:5
   Lair: D:8-11         Orc: D:9-12

Altars:
Cheibriados
Dithmenos
Elyvilon
Fedhas
Gozag
Hepliaklqana
Nemelex Xobeh
Okawaru
Qazlal
Ru
Sif Muna
Trog
Uskayaw
Vehumet
Xom
Yredelemnul
Zin
The Shining One

Shops:
D:1 =   D:2 (


Innate Abilities, Weirdness & Mutations

You cannot be hasted, slowed, berserked, paralysed or teleported.
You can dig through walls and to a lower floor.
You have a pair of large antennae on your head. (SInv)
Your four strong arms can wield two-handed weapons with a shield.


Message History

You block the gnoll sergeant's attack. The gnoll hits you but does no damage.
The howler monkey barely misses you.
Things that are here:
a +0 whip; a gnoll corpse Unknown command.
The gnoll sergeant hits you but does no damage.
The orc wizard gestures wildly while chanting.
The orc wizard flickers and vanishes for a moment.
The gnoll hits you but does no damage.
You slash the howler monkey! You freeze the howler monkey.
You kill the howler monkey!
Okawaru accepts your kill.
The gnoll sergeant hits you from afar with a +4 trident of flaming.
The gnoll sergeant burns you.
* * * LOW HITPOINT WARNING * * *
You block the gnoll's attack.
You slash the hornet! You freeze the hornet.
The hornet is heavily wounded.
You block the gnoll sergeant's attack.
The hornet stings you but does no damage.
The gnoll hits you but does no damage.
Unknown command.
You slice the hornet!! You freeze the hornet.
You kill the hornet!
Okawaru accepts your kill.
The gnoll sergeant hits you but does no damage.
An orc comes into view. It is wielding a +2 vampiric war axe.
The gnoll hits you but does no damage.
The gnoll sergeant hits you from afar with a +4 trident of flaming!
* * * LOW HITPOINT WARNING * * *
The gnoll sergeant burns you.
* * * LOW HITPOINT WARNING * * *
The gnoll barely misses you.
Things that are here:
a +0 whip; a gnoll corpse
Found 11 gold pieces.
The gnoll sergeant hits you with a +4 trident of flaming!
* * * LOW HITPOINT WARNING * * *
The gnoll sergeant burns you.
You die...

#....######........#
#... #........#
#.... #........#
#.... #........#
..o..######.........
#................
#................
#..o.).........##
#....@####+##..#
#...gg# ..# #.....#
.# .....$..# #
........# ######>...
#...# #$..#


You could see a gnoll sergeant, an orc wizard (invisible), a gnoll and an orc.

Vanquished Creatures
  A hornet (D:9)
  Menkaure (D:7)
  5 water moccasins
  2 ice beasts
  2 sky beasts (D:7)
  2 black bears
  2 orc warriors
  An ogre (D:5)
  2 centaurs
  2 phantoms
  4 kobold brigands
  3 bullfrogs
  A scorpion (D:4)
  4 wights (D:7)
  5 killer bees (D:8)
  6 howler monkeys
  A jelly (D:8)
  3 gnoll boudas (D:7)
  3 hounds
  6 iguanas
  A sleepcap (D:4)
  3 orc wizards
  13 gnolls
  An adder (D:2)
  3 shadow imps
  A white imp (D:7)
  An ufetubus (D:3)
  A worm (D:2)
  2 dart slugs (D:4)
  13 orcs
  5 ball pythons
  5 bats
  11 endoplasms
  3 giant cockroaches
  2 goblins
  4 hobgoblins
  7 jackals (D:5)
  6 quokkas
  A frilled lizard (D:1)
  18 kobolds
  6 rats
163 creatures vanquished.

Vanquished Creatures (collateral kills)
  A ball python (D:1)
1 creature vanquished.

Grand Total: 164 creatures vanquished

Notes
Turn   | Place    | Note
-------+----------+-------------------------------------------
     0 | D:1      | GigaChad the Formicid Fighter began the quest for the Orb.
     0 | D:1      | Reached XP level 1. HP: 18/18 MP: 1/1
    99 | D:1      | Found Satac's Jewellery Shop.
   239 | D:1      | Reached XP level 2. HP: 24/24 MP: 2/2
   856 | D:2      | Reached XP level 3. HP: 7/29 MP: 3/3
  1476 | D:2      | Found Qudonlou's Weapon Shop.
  2156 | D:3      | Reached XP level 4. HP: 26/37 MP: 4/4
  2438 | D:3      | Found a faded altar of an unknown god.
  2650 | D:3      | Found a shimmering blue altar of Sif Muna.
  3086 | D:4      | Noticed a scorpion
  3092 | D:4      | Reached skill level 3 in Axes
  3096 | D:4      | Killed a scorpion
  3097 | D:4      | Reached XP level 5. HP: 23/42 MP: 5/5
  3216 | D:4      | Noticed a phantom
  3224 | D:4      | Killed a phantom
  3225 | D:4      | Reached skill level 4 in Axes
  3225 | D:4      | Reached XP level 6. HP: 34/48 MP: 6/6
  3407 | D:4      | Reached skill level 5 in Armour
  3407 | D:4      | Reached skill level 5 in Shields
  3513 | D:4      | Found a shadowy altar of Dithmenos.
  3615 | D:4      | Reached XP level 7. HP: 55/55 MP: 7/7
  4045 | D:2      | Bought the +1 war axe "Ufinury" {freeze, rElec} for 253
                  | gold pieces
  4140 | D:5      | Entered Level 5 of the Dungeon
  4317 | D:5      | Reached skill level 5 in Axes
  4388 | D:5      | Found a staircase to the Ecumenical Temple.
  4407 | Temple   | Entered the Ecumenical Temple
  4515 | Temple   | Became a worshipper of Warmaster Okawaru
  4801 | D:5      | Found a stormy altar of Qazlal.
  4865 | D:5      | Found a hazy altar of Hepliaklqana.
  4882 | D:5      | Reached XP level 8. HP: 61/61 MP: 8/8
  5156 | D:6      | Reached skill level 5 in Fighting
  5319 | D:6      | Reached skill level 6 in Axes
  5403 | D:6      | Found a white marble altar of Elyvilon.
  5463 | D:6      | Found a blossoming altar of Fedhas.
  5559 | D:6      | Reached * piety under Okawaru
  6288 | D:7      | Reached skill level 7 in Axes
  6419 | D:7      | Reached XP level 9. HP: 63/68 MP: 9/9
  6435 | D:7      | Reached ** piety under Okawaru
  6454 | D:7      | Reached skill level 8 in Axes
  6576 | D:7      | Noticed Menkaure
  6583 | D:7      | Killed Menkaure
  7027 | D:7      | Found an opulent altar of Gozag.
  7058 | D:7      | Found a basalt altar of Yredelemnul.
  7626 | D:8      | Reached skill level 9 in Axes
  7807 | D:8      | Reached XP level 10. HP: 62/77 MP: 10/10
  7875 | D:8      | Reached *** piety under Okawaru
  8563 | D:9      | Reached skill level 10 in Axes
  8685 | D:9      | HP: 1/79 [gnoll sergeant/+4 trident of flaming (10)]
  8685 | D:9      | Slain by a gnoll sergeant

Illustrated notes

Levels and vault maps discovered:
D:1:      kennysheep_arrival_seaside, layout_basic, serial_shops,
          nicolae_shop_hallway_stairs, serial_bayou, serial_bayou_ford_a,
          serial_bayou_lagoon_b, serial_bayou_pond_a, serial_bayou_lake_a,
          serial_bayou_pond_e, serial_bayou_pond_c
D:2:      layout_loops_corners, serial_shops, nicolae_lakefront_shop,
          serial_rivers, chequers_serial_rivers_room_b,
          chequers_serial_rivers_micro_a, chequers_serial_rivers_micro_b,
          chequers_serial_rivers_marsh
D:3:      layout_loops_corners, nicolae_sif_muna_little_library,
          shapermc_ecumenical_altar_venn
D:4:      layout_basic, mainiacjoe_overflow_alcove_2, interstate_on_off,
          kennysheep_generic_room_7
D:5:      layout_basic, mainiacjoe_overflow_catwalk, nzn_hepliaklqana_mist_gate,
          minmay_temple_entry_waves
D:6:      layout_layer_cave, fedhas_altar_1, nicolae_elyvilon_peaceful_grove
D:7:      layout_cave_pods, mainiacjoe_overflow_catwalk_spiral, uniq_menkaure
D:8:      layout_loops_ring
D:9:      layout_irregular_city
Temple:   compressed_dpeg_circular_temple

Skill      XL: |  1  2  3  4  5  6  7  8  9 10 |
---------------+-------------------------------+-----
Armour         | 4 5 6 7 8 |  8.2
Axes           | 3 4 5 7 9 10 | 10.2
Fighting       | 4 5 6 7 |  7.2
Shields        | 5 6 7 |  7.7

Action                     |  1- 3 |  4- 6 |  7- 9 | 10-12 || total
---------------------------+-------+-------+-------+-------++-------
  Melee: War axe           |    76 |    71 |   294 |    75 ||   516
Ability: Dig               |       |     1 |       |       ||     1
    Use: Scroll            |     4 |     5 |     1 |       ||    10
 Armour: Scale mail        |    30 |    38 |     4 |       ||    72
         Plate armour      |       |       |   162 |    77 ||   239
         Chain mail        |       |       |    20 |       ||    20
  Dodge: Dodged            |    39 |    37 |   119 |    43 ||   238
  Block: Buckler           |    17 |    18 |    83 |    29 ||   147
